 Dungeon Crawl Stone Soup version 0.17.0-26-gececa24 (webtiles) character file.

6430 inmateoo the Covert (level 10, -1/56 HPs)
             Began as an Octopode Enchanter on Nov 19, 2015.
             Was an Initiate of Ashenzari.
             Slain by a sky beast (6 damage)
             ... on level 9 of the Dungeon.
             The game lasted 00:24:15 (12476 turns).

inmateoo the Covert (Octopode Enchanter)           Turns: 12476, Time: 00:24:15

Health: -1/56      AC:  1    Str: 11    XL:     10   Next: 99%
Magic:  9/18       EV: 14    Int: 21    God:    Ashenzari [......]
Gold:   414        SH:  0    Dex: 12    Spells: 4 memorised, 9 levels left

rFire  . . .     SeeInvis .     a - +2 dagger
rCold  . . .     Clarity  .     (no shield)
rNeg   . . .     SustAt   .     (helmet restricted)
rPois  .         Gourm    .     m - amulet of resist mutation
rElec  .         Spirit   .     e - ring of invisibility (curse)
rCorr  .         Warding  .     r - +3 ring of strength
rMut   +         Stasis   .     (no ring)
MR     .....                    (no ring)
Stlth  ++++++....               (no ring)
                                (no ring)
                                (no ring)
                                (no ring)

@: about to teleport, very slightly contaminated, invisible, not resistant to
hostile enchantments, very stealthy
A: almost no armour, amphibious, 8 rings, constrict 8, camouflage 1, gelatinous
body 1
a: Renounce Religion, Turn Visible


You were on level 9 of the Dungeon.
You worshipped Ashenzari.
Ashenzari was noncommittal.
You were hungry.

You visited 2 branches of the dungeon, and saw 10 of its levels.

You collected 414 gold pieces.

Inventory:

Hand Weapons
 a - a +2 dagger (weapon)
 o - a +0 rapier
Armour
 y - a +0 shield
Jewellery
 e - a cursed ring of invisibility (left tentacle)
 j - an uncursed ring of ice
 m - an amulet of resist mutation (around mantle)
 r - a +3 ring of strength (right tentacle)
Wands
 s - a wand of digging (15)
 x - a wand of fire (8)
 B - a wand of draining (8)
Scrolls
 d - 3 scrolls of curse jewellery
 f - 6 scrolls of remove curse
 h - 2 scrolls of noise
 p - a scroll of recharging
 t - 8 scrolls of curse weapon
Potions
 g - 2 potions of haste
 k - 2 potions of agility
 q - a potion of might
 v - 2 potions of ambrosia {unknown}
 w - a potion of magic {unknown}
 A - a potion of heal wounds {unknown}
 D - a potion of invisibility {unknown}
Miscellaneous
 n - a plain deck of war {drawn: 2}
Comestibles
 c - 7 bread rations
 i - 7 fruits
 l - 3 meat rations
 u - a royal jelly
 z - 2 beef jerkies
 E - a slice of pizza


   Skills:
 + Level 5.7 Short Blades
 + Level 5.4 Dodging
 + Level 9.2 Stealth
 + Level 5.8 Spellcasting
 * Level 9.0 Hexes
 * Level 8.9 Evocations


You had 9 spell levels left.
You knew the following spells:

 Your Spells              Type           Power        Failure   Level  Hunger
b - Ensorcelled Hibernat  Hex/Ice        ####..       2%          2    None
c - Confuse               Hex            #####...     1%          3    ##.....
d - Dazzling Spray        Conj/Hex       ####....     6%          3    ##.....
e - Tukima's Dance        Hex            #####...     1%          3    ##.....


Dungeon Overview and Level Annotations

Branches:
Dungeon (9/15)             Temple (1/1) D:4            Lair (0/8) D:8
    Orc: D:9-12

Altars:
Ashenzari
Cheibriados
Dithmenos
Elyvilon
Fedhas
Gozag
Kikubaaqudgha
Makhleb
Nemelex Xobeh
Okawaru
Qazlal
Ru
Sif Muna
Trog
Vehumet
Xom
Yredelemnul
Zin
The Shining One

Shops:
D:4 !   D:5 :

Annotations:
D:9 Erolcha, Prince Ribbit


Innate Abilities, Weirdness & Mutations

You cannot wear most types of armour.
You are amphibious.
You can wear up to eight rings at the same time.
You can use your tentacles to constrict eight enemies at once.
Your skin changes colour to match your surroundings (Stealth).
Your rubbery body absorbs attacks (AC +1).


Message History

Unknown command.
You hit the scorpion but do no damage.
The scorpion is heavily wounded.
You constrict the scorpion. Prince Ribbit barely misses you.
The scorpion stings you.
* * * LOW HITPOINT WARNING * * *
Unknown command.
You hit the scorpion. You squeeze the scorpion.
You kill the scorpion!
Prince Ribbit closely misses you.
Unknown command.
You completely miss something. Prince Ribbit hits you.
* * * LOW HITPOINT WARNING * * *
Unknown command.
Read which item? (? for menu, Esc to quit)
As you read the scroll of teleportation, it crumbles to dust.
You feel strangely unstable. Something hits you.
* * * LOW HITPOINT WARNING * * *
Something shocks you.
You die...

#.... #. #. .....
.'. #.#.# ## ##.
#.#.# #.. .
###.#.# #..#####
#...#'#####..#...)
#.##.s...##....)..
#{##.....##......)
#@##.....##..#....
#F##......#..#.)..
#.##......#..#.##.
#.##......#..#.##.
#.#######.#.....#.
#.# .##.####. #.#
#...... #.#
####### #.# ....


You could see Prince Ribbit.

Vanquished Creatures
  Maurice (D:9)
  Joseph (D:9)
  A troll (D:9)
  A two-headed ogre (D:9)
  Grinder (D:3)
  A yak (D:8)
  A hippogriff (D:6)
  A vampire mosquito (D:8)
  A deep elf fighter (D:8)
  An ice beast (D:5)
  2 orc warriors
  An eye of draining (D:9)
  3 black bears
  A wasp (D:7)
  A necrophage (D:8)
  6 ogres
  3 phantoms
  A centaur (D:5)
  A crocodile (D:8)
  9 giant frogs
  A wyvern zombie (D:6)
  A gnoll sergeant (D:9)
  4 scorpions
  12 killer bees
  5 wights (D:9)
  4 crimson imps
  A giant frog zombie (D:5)
  2 hounds (D:5)
  4 orc priests
  2 centaur skeletons
  Crazy Yiuf (D:3)
  An iguana (D:5)
  10 orc wizards
  3 worker ants
  A hound zombie (D:8)
  2 hound skeletons
  2 worker ant zombies
  7 adders
  3 river rats (D:8)
  7 gnolls
  2 oozes
  3 adder skeletons
  A worm (D:4)
  4 giant geckos
  33 orcs
  2 ball pythons (D:4)
  7 bats
  4 giant cockroaches
  10 goblins
  10 hobgoblins
  11 jackals
  7 quokkas
  A ball python zombie (D:6)
  A giant gecko zombie (D:6)
  3 giant newts
  A jackal skeleton (D:4)
  5 kobolds
  A quokka skeleton (D:5)
  A quokka zombie (D:5)
  21 rats
239 creatures vanquished.

Vanquished Creatures (collateral kills)
  2 vampire mosquitoes (D:8)
2 creatures vanquished.

Vanquished Creatures (others)
  A rat (D:8)
  2 fungi (D:8)
3 creatures vanquished.

Grand Total: 244 creatures vanquished

Notes
Turn   | Place    | Note
--------------------------------------------------------------
     0 | D:1      | inmateoo the Octopode Enchanter began the quest for the Orb.
     0 | D:1      | Reached XP level 1. HP: 11/11 MP: 3/3
   103 | D:1      | Reached XP level 2. HP: 17/17 MP: 5/5
   107 | D:1      | Learned a level 2 spell: Ensorcelled Hibernation
   759 | D:1      | Reached XP level 3. HP: 18/21 MP: 6/6
   908 | D:2      | Found a faded altar to an unknown god.
   925 | D:2      | Became a worshipper of Ru the Awakened
   930 | D:2      | Fell from the grace of Ru
  1225 | D:2      | Found a glowing golden altar of the Shining One.
  1393 | D:2      | Learned a level 3 spell: Confuse
  1730 | D:3      | Reached skill level 1 in Evocations
  1906 | D:3      | Reached XP level 4. HP: 18/27 MP: 2/7
  2053 | D:3      | Noticed Grinder
  2224 | D:3      | Noticed Crazy Yiuf
  2233 | D:3      | Killed Crazy Yiuf
  2729 | D:4      | Reached XP level 5. HP: 20/31 MP: 8/8
  2870 | D:4      | Found an ancient bone altar of Kikubaaqudgha.
  3092 | D:3      | Killed Grinder
  3092 | D:3      | Reached XP level 6. HP: 36/36 MP: 6/10
  3290 | D:4      | Found a sacrificial altar of Ru.
  3292 | D:4      | Found a stormy altar of Qazlal.
  3292 | D:4      | Found an iron altar of Okawaru.
  3294 | D:4      | Found a blossoming altar of Fedhas.
  3295 | D:4      | Found a bloodstained altar of Trog.
  3636 | D:4      | Noticed an ogre
  3640 | D:4      | Found Onemi's Distillery.
  3771 | D:4      | Reached skill level 5 in Stealth
  3771 | D:4      | Reached skill level 5 in Hexes
  3771 | D:4      | Reached XP level 7. HP: 25/41 MP: 0/11
  4085 | D:4      | Killed an ogre
  4097 | D:4      | Found a staircase to the Ecumenical Temple.
  4138 | Temple   | Entered the Ecumenical Temple
  4398 | D:5      | Entered Level 5 of the Dungeon
  4642 | D:5      | Learned a level 3 spell: Dazzling Spray
  4646 | D:5      | Learned a level 3 spell: Tukima's Dance
  4939 | D:5      | Found a deep blue altar of Sif Muna.
  4950 | D:5      | Reached XP level 8. HP: 46/46 MP: 12/12
  4980 | D:5      | Found Qareto's Book Shop.
  5087 | D:5      | Reached skill level 6 in Hexes
  5181 | D:6      | Reached skill level 5 in Evocations
  6498 | D:6      | Found a shattered altar of Ashenzari.
  6598 | D:6      | Became a worshipper of Ashenzari the Shackled
  6994 | D:6      | Reached XP level 9. HP: 33/51 MP: 2/14
  8153 | D:6      | Reached skill level 7 in Hexes
  9725 | D:8      | Reached skill level 5 in Short Blades
  9936 | D:8      | Found a blossoming altar of Fedhas.
  9950 | D:8      | Reached XP level 10. HP: 30/56 MP: 13/17
 10134 | D:8      | Reached skill level 8 in Stealth
 10461 | D:8      | Reached skill level 5 in Dodging
 10798 | D:8      | Reached skill level 5 in Spellcasting
 11041 | D:8      | Found a staircase to the Lair.
 11129 | D:8      | Found a shadowy altar of Dithmenos.
 11344 | D:8      | Found a sparkling altar of Nemelex Xobeh.
 11764 | D:9      | Noticed Maurice
 11776 | D:9      | Killed Maurice
 11843 | D:9      | Noticed Joseph
 11862 | D:9      | Killed Joseph
 12030 | D:9      | Reached skill level 9 in Stealth
 12206 | D:9      | Noticed Erolcha
 12456 | D:9      | Noticed Prince Ribbit
 12476 | D:9      | Slain by a sky beast

Action                   |  1- 3 |  4- 6 |  7- 9 | 10-12 || total
-------------------------+-------+-------+-------+-------++-------
Melee: Short sword       |    40 |       |       |       ||    40
       Dagger            |    47 |    67 |   308 |   157 ||   579
 Cast: Corona            |     2 |       |       |       ||     2
       Ensorcelled Hiber |    15 |     7 |    39 |    20 ||    81
       Confuse           |       |    12 |    27 |    10 ||    49
       Dazzling Spray    |       |       |    20 |    13 ||    33
Invok: Renounce Religion |     1 |       |       |       ||     1
 Abil: Evoke Invisibilit |       |       |     1 |     5 ||     6
Evoke: Deck              |       |       |       |     2 ||     2
  Use: Scroll            |     6 |     2 |     8 |     4 ||    20
       Potion            |       |       |     6 |     1 ||     7
 Stab: Sleeping          |    28 |    11 |    42 |    22 ||   103
       Confused          |       |     3 |    13 |     6 ||    22
       Invisible         |       |       |     5 |     9 ||    14
  Eat: Chunk             |     4 |     5 |    13 |    11 ||    33
       Royal jelly       |       |     1 |       |       ||     1
       Fruit             |       |       |     3 |       ||     3
       Meat ration       |       |       |     2 |       ||     2
